 Dungeon Crawl Stone Soup version 0.20-a0-151-g755e310 (webtiles) character file.

3699 Faca the Quickloader (level 10, -4/77 HPs)
             Began as a Formicid Hunter on Nov 22, 2016.
             Was a Believer of Trog.
             Slain by a warg (12 damage)
             ... on level 8 of the Dungeon.
             The game lasted 00:50:34 (7459 turns).

Faca the Quickloader (Formicid Hunter)              Turns: 7459, Time: 00:50:35

Health: -4/77      AC: 11    Str: 16    XL:     10   Next: 35%
Magic:  10/10      EV: 11    Int: 12    God:    Trog [**....]
Gold:   392        SH: 13    Dex: 14    Spells: 9/9 levels left

rFire  . . .     SeeInvis +     b - +0 short sword
rCold  . . .     Gourm    .     g - +1 ring mail
rNeg   . . .     Faith    .     y - +0 large shield
rPois  .         Spirit   .     (helmet unavailable)
rElec  .         Reflect  .     k - +0 cloak
rCorr  .         Harm     .     (no gloves)
MR     +....                    (no boots)
Stlth  +.........               (no amulet)
                                r - +3 ring of evasion
                                B - +3 ring of protection

@: no status effects
A: permanent stasis, dig shafts and tunnels, four strong arms, antennae 3
a: Dig, Shaft Self, Trog's Hand, Burn Spellbooks, Renounce Religion


You were on level 8 of the Dungeon.
You worshipped Trog.
Trog was pleased with you.
You were not hungry.

You visited 2 branches of the dungeon, and saw 9 of its levels.

You collected 392 gold pieces.

Inventory:

Hand Weapons
 a - a +2 hand crossbow
 b - a +0 short sword (weapon)
Armour
 g - a +1 ring mail (worn)
 k - a +0 cloak (worn)
 y - a +0 large shield (worn)
Jewellery
 q - an uncursed ring of flight
 r - a +3 ring of evasion (right hand)
 B - a +3 ring of protection (left hand)
Wands
 n - a wand of iceblast (4/15)
 p - a wand of acid (9/15)
Scrolls
 h - a scroll of recharging
 j - 5 scrolls of identify
 l - a scroll of fear
 m - 2 scrolls of enchant weapon
 u - 2 scrolls of fog
 v - 3 scrolls of remove curse
 w - 3 scrolls of enchant armour
 A - a scroll of silence {unknown}
Potions
 e - a potion of magic {unknown}
 i - a potion of heal wounds {unknown}
 s - a potion of degeneration {unknown}
 t - a potion of mutation {unknown}
 x - a potion of brilliance {unknown}
 C - a potion of haste {unknown}
Comestibles
 c - a slice of pizza
 f - 10 bread rations
 o - a beef jerky


   Skills:
 + Level 6.8 Fighting
 * Level 6.1 Short Blades
 + Level 10.1 Crossbows
 + Level 4.5 Armour
 + Level 3.6 Dodging
 - Level 1.2 Stealth
 + Level 3.6 Shields


You had 9 spell levels left.
You didn't know any spells.

Dungeon Overview and Level Annotations

Branches:
Dungeon (8/15)             Temple (1/1) D:5
   Lair: D:8-11

Altars:
Ashenzari
Cheibriados
Elyvilon
Fedhas
Gozag
Hepliaklqana
Kikubaaqudgha
Nemelex Xobeh
Okawaru
Qazlal
Ru
Sif Muna
Trog
Vehumet
Zin
The Shining One
Lugonu

Shops:
D:4 (([=[   D:6 %   D:8 %

Annotations:
D:6 shinino's ghost, novice TrNe


Innate Abilities, Weirdness & Mutations

You cannot be hasted, slowed, berserked, paralysed or teleported.
You can dig through walls and to a lower floor.
Your four strong arms can wield two-handed weapons with a shield.
You have a pair of large antennae on your head. (SInv)


Message History

The warg bites you but does no damage.
Firing (i - inventory):
d - a bolt (quivered)
Press: ? - help, Shift-Dir - straight line, f/p - warg
Aim: a warg (severely wounded)
You shoot a bolt. The bolt barely misses the warg.
You block the warg's attack. The warg closely misses you.
Wield which item (- for none, * to show all)? (? for menu, Esc to quit)
b - a +0 short sword (weapon)
You closely miss the warg.
The warg is severely wounded.
You block the warg's attack.
You hit the warg but do no damage.
The warg is severely wounded.
The warg bites you!
* * * LOW HITPOINT WARNING * * *
You block the warg's attack.
You hit the warg.
The warg is severely wounded.
The warg bites you!
You die...

...... {{{ ..#..
#...# #####
#(..#########...#
#(..............#
#...#########...#
#####...## ##.##
...[....(#########.#
#######.#((h@.....[.#
..........#########.#
.######.### #...# #.#
#†#.# #.# #.#.# #.#
#.#.# #.# #.#.# #.#
#.#.# #.# #.#.#


You could see a warg.

Vanquished Creatures
  The ghost of shinino the Cudgeler, an amateur FoFi (D:5)
  Prince Ribbit (D:6)
  2 hungry ghosts (D:7)
  2 wargs (D:8)
  2 orc warriors (D:7)
  An ice beast (D:5)
  4 ogres
  2 centaurs
  A big kobold (D:7)
  3 bullfrogs
  10 killer bees
  4 wights
  3 bullfrog zombies
  A howler monkey (D:6)
  5 crimson imps
  A jelly (D:6)
  4 orc priests
  6 hounds
  3 orc wizards
  A bullfrog skeleton (D:6)
  3 iguanas
  2 worker ants (D:6)
  A hound zombie (D:7)
  11 gnolls
  7 adders
  2 oozes
  An adder zombie (D:8)
  3 adder skeletons
  3 worms
  A dart slug (D:4)
  5 leopard geckos
  27 orcs
  10 bats
  4 giant cockroaches
  3 goblins
  A hobgoblin (D:3)
  7 jackals
  3 quokkas
  A ball python (D:3)
  A ball python skeleton (D:3)
  9 frilled lizards
  A jackal skeleton (D:5)
  6 kobolds
  A quokka skeleton (D:4)
  9 rats
179 creatures vanquished.

Notes
Turn   | Place    | Note
-------+----------+-------------------------------------------
     0 | D:1      | Faca the Formicid Hunter began the quest for the Orb.
     0 | D:1      | Reached XP level 1. HP: 16/16 MP: 1/1
   224 | D:1      | Reached XP level 2. HP: 23/23 MP: 2/2
   562 | D:1      | Reached XP level 3. HP: 28/28 MP: 3/3
  1042 | D:2      | Reached XP level 4. HP: 34/34 MP: 4/4
  1154 | D:2      | Reached skill level 5 in Crossbows
  1253 | D:3      | Reached XP level 5. HP: 41/41 MP: 5/5
  1404 | D:3      | Reached skill level 1 in Short Blades
  1760 | D:3      | Reached skill level 1 in Armour
  1760 | D:3      | Reached XP level 6. HP: 47/47 MP: 6/6
  2014 | D:4      | Found Siexuczoe's Weapon Shoppe.
  2040 | D:4      | Found Tiyzxatie's Armour Boutique.
  2041 | D:4      | Noticed an ogre
  2055 | D:4      | Killed an ogre
  2055 | D:4      | Reached skill level 6 in Crossbows
  2239 | D:4      | Found Pyalemomi's Weapon Boutique.
  2331 | D:4      | Reached XP level 7. HP: 53/53 MP: 7/7
  2606 | D:4      | Found Oruomoik's Jewellery Shop.
  2679 | D:4      | Found Yfuenkat's Antique Armour Shop.
  2783 | D:4      | Reached skill level 7 in Crossbows
  2985 | D:5      | Entered Level 5 of the Dungeon
  3161 | D:5      | Noticed shinino's ghost (amateur FoFi)
  3167 | D:5      | Killed shinino's ghost
  3167 | D:5      | Reached XP level 8. HP: 61/61 MP: 8/8
  3375 | D:5      | Reached skill level 8 in Crossbows
  3574 | D:5      | Reached skill level 5 in Fighting
  3739 | D:5      | Found a staircase to the Ecumenical Temple.
  3784 | Temple   | Entered the Ecumenical Temple
  3800 | Temple   | Became a worshipper of Trog the Wrathful
  3972 | D:6      | Found a shattered altar of Ashenzari.
  3976 | D:6      | Noticed Prince Ribbit
  3990 | D:6      | Killed Prince Ribbit
  3990 | D:6      | Reached XP level 9. HP: 42/68 MP: 9/9
  4030 | D:6      | Found Worrom's Food Shoppe.
  4282 | D:6      | Reached skill level 9 in Crossbows
  4439 | D:6      | Noticed shinino's ghost (novice TrNe)
  4839 | D:6      | HP: 3/69 [shinino's ghost/nerve-wracking pain (9)]
  5658 | D:6      | Reached skill level 1 in Shields
  6018 | D:7      | Reached * piety under Trog
  6018 | D:7      | Reached skill level 5 in Short Blades
  6483 | D:7      | Reached XP level 10. HP: 53/77 MP: 10/10
  6845 | D:7      | Reached ** piety under Trog
  6845 | D:7      | Reached skill level 10 in Crossbows
  6922 | D:7      | Found a blossoming altar of Fedhas.
  6926 | D:7      | Found a stormy altar of Qazlal.
  6931 | D:7      | Found a deep blue altar of Sif Muna.
  7080 | D:8      | Found a white marble altar of Elyvilon.
  7080 | D:8      | Found a glowing silver altar of Zin.
  7080 | D:8      | Found a glowing golden altar of the Shining One.
  7101 | D:8      | Found Huel's Food Emporium.
  7206 | D:8      | Found a sacrificial altar of Ru.
  7248 | D:8      | Found a hazy altar of Hepliaklqana.
  7459 | D:8      | Slain by a warg

Vault maps used:
D:1:      matt_arrival_grand_opening
D:3:      minmay_distorted
D:4:      first_bread, serial_shops, shop, nicolae_shop_statue_plus, shop,
          kennysheep_little_box, shop, kennysheep_generic_room_11
D:5:      minmay_misc_feat_plants
D:6:      ashenzari_conservatory_becter, serial_shops,
          nicolae_shop_competitors_out_of_business, uniq_prince_ribbit1
D:7:      minitemple
D:8:      lemuel_castle_with_subvaults, good_gods_mini_temple,
          grunt_temple_overflow_champion_of_chaos,
          eat_drink_and_be_merry_uskayaw, old_standard_altar,
          nicolae_ru_awakened_eye, serial_shops, shop
Temple:   corrupted_temple

Skill      XL: |  1  2  3  4  5  6  7  8  9 10 |
---------------+-------------------------------+-----
Crossbows      | 5 6 7 8 9 10 | 10.1
Fighting       | 3 4 5 6 |  6.8
Short Blades   | 1 2 3 4 5 6 |  6.1
Dodging        | 2 3 |  3.6
Armour         | 1 2 4 |  4.5
Shields        | 2 3 |  3.6
Stealth        | |  1.2

Action                   |  1- 3 |  4- 6 |  7- 9 | 10-12 || total
-------------------------+-------+-------+-------+-------++-------
Melee: Short sword       |       |     9 |    25 |   103 ||   137
 Fire: Hand crossbow     |    66 |   111 |   330 |   105 ||   612
Invok: Burn Spellbooks   |       |       |     1 |       ||     1
  Use: Scroll            |    13 |     1 |       |       ||    14
       Potion            |       |       |     3 |     1 ||     4
  Eat: Fruit             |       |     2 |     2 |       ||     4
       Beef jerky        |       |     2 |       |       ||     2
       Meat ration       |       |       |     3 |     1 ||     4
       Bread ration      |       |       |       |     1 ||     1
Armor: Ring mail         |     7 |    20 |    60 |    67 ||   154
Dodge: Dodged            |    11 |    40 |   120 |    77 ||   248
Block: Large shield      |       |       |    65 |   148 ||   213
